Map: [ESL] Crimson Court

Players

Misaki

  • Race: Zerg Zerg
  • Spawn Location: 7:00

Nice - Winner!

  • Race: Protoss Protoss
  • Spawn Location: 1:00

Event: ESL SC2 Masters 2024 Spring (Regional)

VOD

Have the link to the VOD?

Description

Time

  • Played on: April 14, 2024, 8:05 a.m.
  • Length: 6:26

All games in this series

Show
View Real Time Build Order
Export as new Build Order

Misaki Zerg 

Build Orders: Hatch First 

Get SALT Encoding   

  12  0:00  Drone  
  13  0:07  Drone  
  14  0:16  Overlord  
  14  0:34  Drone x2  
  16  0:47  Hatchery  
  15  0:51  Drone  
  15  0:54  Drone  
  17  0:59  Drone  
  18  1:08  Extractor  
  17  1:13  Spawning Pool  
  17  1:16  Drone  
  17  1:20  Drone  
  18  1:28  Drone  
  20  1:40  Drone  
  20  1:51  Drone  
  21  1:59  Queen x2  
  21  2:00  Zergling x2  
  21  2:01  Drone  
  27  2:11  Overlord  
  27  2:12  Drone  
  27  2:13  Metabolic Boost  
  28  2:30  Hatchery  
  28  2:31  Drone  
  28  2:37  Drone x2  
  28  2:43  Queen  
  32  2:47  Drone  
  32  2:49  Drone  
  34  2:52  Drone  
  34  2:54  Drone  
  34  2:57  Overlord  
  36  3:08  Overlord  
  36  3:17  Drone x5  
  41  3:20  Queen  
  41  3:26  Drone, Queen  
  46  3:30  Unknown  
  45  3:35  Zergling x2  
  45  3:36  Zergling x2  
  45  3:37  Drone  
  45  3:41  Zergling x6  
  49  3:46  Drone  
  49  3:47  Drone  
  53  3:51  Roach Warren  
  53  3:52  Drone  
  53  3:53  Drone  
  54  3:56  Spore Crawler  
  54  3:58  Drone x2  
  55  4:03  Spore Crawler  
  55  4:08  Extractor, Drone x3  
  56  4:12  Overlord  
  56  4:19  Overlord  
  55  4:27  Drone x3  
  57  4:33  Roach x4  
  57  4:38  Roach x2  
  69  4:42  Roach  
  69  4:45  Overlord  
  71  4:51  Overlord  
  71  4:52  Zergling x6  
  74  4:57  Overlord  
  74  5:05  Ravager x6  
  74  5:06  Zergling x2  
  81  5:08  Zergling x2  
  81  5:11  Queen  
  81  5:13  Zergling x4  
  85  5:14  Zergling x2  
  85  5:18  Zergling x2  
  85  5:19  Ravager  
  85  5:20  Zergling x2  
  84  5:24  Zergling x6  
  87  5:29  Queen  
  87  5:31  Zergling x2  
  87  5:34  Zergling x2  
  91  5:38  Zergling x2  
  91  5:42  Zergling x2  
  88  5:46  Zergling x2  
  88  5:47  Zergling x10  
  88  5:48  Drone  
  92  5:54  Zergling x2  
  93  5:59  Zergling x12  
  93  6:06  Zergling x4  
Show
View Real Time Build Order
Export as new Build Order

Nice Protoss - Winner!

Build Orders: 1 Gate Expand, Oracle Opening 

Get SALT Encoding   

  12  0:00  Probe  
  13  0:12  Probe  
  14  0:18  Pylon  
  14  0:24  Probe  
  15  0:36  Probe (Chrono Boost)  
  15  0:38  Gateway  
  16  0:47  Assimilator  
  16  0:48  Probe (Chrono Boost)  
  17  0:53  Probe (Chrono Boost)  
  18  1:03  Probe  
  19  1:15  Probe  
  20  1:23  Nexus  
  20  1:33  Cybernetics Core  
  20  1:40  Assimilator  
  20  1:41  Probe  
  21  1:48  Pylon  
  21  1:53  Probe (Chrono Boost)  
  22  2:05  Probe (Chrono Boost)  
  22  2:06  Adept (Chrono Boost)  
  23  2:10  Probe (Chrono Boost)  
  26  2:20  Stargate, Probe  
  27  2:29  Adept  
  29  2:34  Warp Gate  
  29  2:35  Probe (Chrono Boost)  
  29  2:37  Probe (Chrono Boost)  
  32  2:46  Probe (Chrono Boost)  
  32  2:47  Probe (Chrono Boost)  
  32  2:48  Gateway  
  32  2:51  Probe (Chrono Boost)  
  33  2:56  Probe  
  35  3:09  Void Ray (Chrono Boost)  
  35  3:10  Probe  
  35  3:11  Probe  
  41  3:22  Probe  
  41  3:24  Probe  
  43  3:36  Oracle (Chrono Boost)  
  43  3:41  Nexus  
  46  3:44  Pylon  
  46  3:57  Pylon  
  46  4:02  Probe x2  
  52  4:12  Void Ray (Chrono Boost)  
  52  4:14  Probe x2  
  52  4:15  Gateway  
  54  4:26  Probe x2  
  54  4:27  Pylon  
  54  4:31  Shield Battery  
  56  4:39  Shield Battery  
  56  4:42  Shield Battery  
  60  4:47  Void Ray (Chrono Boost), Shield Battery  
  60  4:48  Pylon  
  60  4:51  Assimilator, Probe x2  
  62  4:53  Assimilator  
  62  5:09  Adept  
  62  5:10  Adept x2  
  62  5:12  Pylon  
  68  5:18  Void Ray (Chrono Boost)  
  68  5:19  Shield Battery  
  68  5:20  Shield Battery  
  72  5:29  Shield Battery  
  72  5:31  Stalker x2  
  72  5:32  Pylon  
  76  5:39  Stalker  
  76  5:41  Cybernetics Core  
  78  6:06  Zealot x3  
Tags
 
Add a new tag
Caveats
  • Supply blocks, unpowered buildings, or Contaminate may cause inaccurate times.
  • Supply counts are checked every 10 seconds.